 Dungeon Crawl Stone Soup version 0.30-a0-1050-g2766ea1e55 (webtiles) character file.

Game seed: 15473595801518187438

60 BritishOli the Trooper (level 3, -6/29 HPs)
             Began as a Demonspawn Fighter on Apr 11, 2023.
             Mangled by Sigmund
             ... wielding a +0 scythe
              (7 damage)
             ... on level 2 of the Dungeon.
             The game lasted 00:01:32 (954 turns).

BritishOli the Trooper (Demonspawn Fighter)          Turns: 954, Time: 00:01:32

Health: -6/29      AC: 10    Str: 18    XL:     3   Next: 82%
Magic:  3/3        EV:  9    Int:  9    God:
Gold:   46         SH:  4    Dex: 12    Spells: 2/2 levels left

rFire   . . .      SeeInvis .    a - +0 war axe
rCold   . . .      Faith    .    c - +0 buckler
rNeg    . . .      Spirit   .    b - +0 scale mail
rPois   .          Reflect  .    (helmet restricted)
rElec   .          Rampage  .    (no cloak)
rCorr   .                        (no gloves)
Will    .....                    (no boots) Stlth
                                 (no amulet)
HPRegen 0.24/turn                f - +4 ring of protection
MPRegen 0.08/turn                (no ring)

@: no status effects
A: antennae 1
a: no special abilities


You were on level 2 of the Dungeon.
You visited 1 branch of the dungeon, and saw 2 of its levels.

You collected 46 gold pieces.

Inventory:

Hand Weapons
 a - a +0 war axe (weapon)
Armour
 b - a +0 scale mail (worn)
 c - a +0 buckler (worn)
Jewellery
 f - a +4 ring of protection (left hand)
Scrolls
 e - a scroll of amnesia {unknown}
 g - 2 scrolls of magic mapping {unknown}
 i - a scroll of fog {unknown}
 j - 2 scrolls of fear {unknown}
Potions
 d - a potion of might
 h - a potion of curing {unknown}
 k - a potion of heal wounds {unknown}


   Skills:
 + Level 3.4 Fighting
 * Level 2.6 Axes
 + Level 3.1 Armour
 + Level 3.1 Shields


You had 2 spell levels left.
You didn't know any spells.
Your spell library contained the following spells:

 Spells                   Type           Power      Damage    Failure   Level
 Magic Dart               Conj           0%         1d3       86%         1
 Call Imp                 Summ           0%         N/A       94%         2
 Mephitic Cloud           Conj/Pois/Air  0%         N/A       99%         3
 Summon Guardian Golem    Hex/Summ       0%         N/A       99%         3
 Orb of Destruction       Conj           0%         9d5       100%        7
 Spellforged Servitor     Conj/Summ      0%         N/A       100%        7


Dungeon Overview and Level Annotations

Branches:
Dungeon (2/15)

Altars:

Annotations:
D:2 Sigmund


Innate Abilities, Weirdness & Mutations

You have a pair of small antennae on your head.


Message History

The goblins go into a battle-frenzy!
You barely miss Robin. You closely miss the kobold.
Robin hits you but does no damage. The kobold hits you with a +0 dagger.
Something hits you. The kobold hits you with a +0 dagger.
You block Robin's attack.
You slash Robin!
Robin is heavily wounded.
You barely miss the kobold. Something hits you. You block the kobold's attack.
Robin barely misses you.
Unknown command.
You hit Robin but do no damage.
Robin is heavily wounded.
You hit the kobold.
You kill the kobold!
Robin hits you but does no damage. You block something's attack.
Unknown command.
You closely miss Robin.
Robin is heavily wounded.
Robin hits you but does no damage. Robin barely misses you. Something hits you.
Unknown command.
You slash Robin!
You kill Robin!
You block something's attack.
Items here: ))))) [[ †††††.
You miss something. You block something's attack.
You closely miss something. Something hits you!
* * * LOW HITPOINT WARNING * * *
You are too injured to fight recklessly!
You completely miss something. Something hits you but does no damage.
You slash something!
You hear some strange, mumbled words.
A magic dart appears from out of thin air!
The magic dart hits you.
* * * LOW HITPOINT WARNING * * *
You hear some strange, mumbled words.
A magic dart appears from out of thin air!
The magic dart hits you.
* * * LOW HITPOINT WARNING * * *
Something hits you!
You die...

## # .#. . #.#
...
#######.###g.#
#.....))@{gr.#
.#####.####....
#<# # #.# ..#
####


You could see a quokka and 2 goblins.

Vanquished Creatures
  Robin (D:2)
  A dart slug (D:1)
  8 bats (D:1)
  3 endoplasms (D:1)
  2 giant cockroaches (D:1)
  12 goblins
  4 hobgoblins
  2 quokkas (D:1)
  3 ball pythons (D:1)
  A frilled lizard (D:1)
  3 kobolds
  3 rats (D:1)
43 creatures vanquished.

Notes
Turn   | Place    | Note
-------+----------+-------------------------------------------
     0 | D:1      | BritishOli the Demonspawn Fighter began the quest for the
                  | Orb.
     0 | D:1      | Reached XP level 1. HP: 18/18 MP: 1/1
   166 | D:1      | Discovered your monstrous ancestry.
   166 | D:1      | Gained mutation: You have a pair of small antennae on your
                  | head. [demonic ancestry]
   166 | D:1      | Reached XP level 2. HP: 10/24 MP: 2/2
   322 | D:1      | Reached XP level 3. HP: 29/29 MP: 3/3
   930 | D:2      | Noticed Robin
   933 | D:2      | Noticed Sigmund
   948 | D:2      | Killed Robin
   953 | D:2      | HP: 1/29 [something/magic dart (3)]
   954 | D:2      | Mangled by Sigmund

Illustrated notes

Levels and vault maps discovered:
D:1:      psy_arrival_dodecagon, layout_basic
D:2:      layout_loops_ring, serial_shops, nicolae_shop_behind_doors,
          cheibrodos_gnoll_hut, uniq_robin, uniq_sigmund, uniq_natasha

Skill      XL: |  1  2  3 |
---------------+----------+-----
Axes           | 2 |  2.6
Shields        | 3 |  3.1
Armour         | 3 |  3.1
Fighting       | |  3.4

Action                     || total
---------------------------++-------
  Melee: War axe           ||    81
 Armour: Scale mail        ||    60
  Dodge: Dodged            ||    48
  Block: Buckler           ||    36

Table legend: (Time is in decaauts)
 A = Elapsed time spent in this place.
 B = Non-inter-level travel time spent in this place.
 C = Inter-level travel time spent in this place.
 D = Time resting spent in this place.
 E = Time spent auto-exploring this place.
 F = Levels seen in this place.
 G = Mean time per level.
                   A        B        C        D        E       F      G
               +--------+--------+--------+--------+--------+-----+--------+
         Total |    988 |    983 |      5 |      0 |    770 |   2 |  494.0 |
       Dungeon |    988 |    983 |      5 |      0 |    770 |   2 |  494.0 |
               +--------+--------+--------+--------+--------+-----+--------+

Top non-repeatable levels by time:
     D:1: 954 daAuts
     D:2: 34 daAuts
